 Dungeon Crawl Stone Soup version 0.27-a0-1066-g29160eaed2 (webtiles) character file.

Game seed: 14605614873427474557

86 ncenk the Digger (level 4, 0/24 HPs)
             Began as a Gargoyle Earth Elementalist on Apr 24, 2021.
             Slain by Ijyb
             ... wielding a +0 dagger
              (2 damage)
             ... on level 3 of the Dungeon.
             The game lasted 00:04:08 (2567 turns).

ncenk the Digger (Gargoyle Earth Elementalist)      Turns: 2567, Time: 00:04:08

Health: 0/24       AC:  7    Str: 12    XL:     4   Next: 50%
Magic:  2/8        EV: 11    Int: 16    God:
Gold:   121        SH:  0    Dex: 10    Spells: 5/9 levels left

rFire    . . .     SeeInvis .   a - +0 mace
rCold    . . .     Faith    .   (no shield)
rNeg     + . .     Spirit   .   c - +0 robe
rPois    ∞         Reflect  .   (no helmet)
rElec    +         Harm     .   (no cloak)
rCorr    .         Rampage  .   d - +1 pair of gloves
Will     .....                  (no boots)
Stlth    ++........             (no amulet)
HPRegen  0.08/turn              (no ring)
MPRegen  0.11/turn              (no ring)

@: no status effects
A: AC +3, negative energy resistance 1, electricity resistance, torment
resistance 1, unbreathing 1, petrification resistance
a: no special abilities


You were on level 3 of the Dungeon.
You visited 1 branch of the dungeon, and saw 3 of its levels.

You collected 121 gold pieces.

Inventory:

Hand Weapons
 a - a +0 mace (weapon)
Missiles
 b - 13 stones
Armour
 c - a +0 robe (worn)
 d - a +1 pair of gloves (worn)
Potions
 f - a potion of curing
 g - a potion of haste
 h - a potion of might
 i - a potion of resistance


   Skills:
 - Level 1.5 Dodging
 - Level 2.1 Stealth
 + Level 3.1 Spellcasting
 + Level 1.5 Conjurations
 - Level 0.7 Transmutations
 + Level 4.8 Earth Magic


You had 5 spell levels left.
You knew the following spells:

 Your Spells              Type           Power      Damage    Failure   Level
a - Sandblast             Erth           36%        2d10      2%          1
b - Stone Arrow           Conj/Erth      24%        3d8       14%         3

Your spell library contained the following spells:

 Spells                   Type           Power      Damage    Failure   Level
 Passwall                 Tmut/Erth      9%         N/A       9%          2
 Petrify                  Tmut/Erth      11%        N/A       52%         4
 Lee's Rapid Deconstruct  Erth           9%         3d8*      56%         5


Dungeon Overview and Level Annotations

Branches:
Dungeon (3/15)

Altars:

Shops:
D:1 ((:

Annotations:
D:3 Ijyb


Innate Abilities, Weirdness & Mutations

Your stone body is resilient. (AC +3)
You are immune to poison.
You resist negative energy. (rN+)
You are resistant to electric shocks. (rElec)
You are resistant to unholy torment.
You can survive without breathing.
You are immune to petrification.


Message History

The blast of sand hits the orc wizard!
The orc wizard is almost dead.
An adder comes into view.
Casting: Sandblast (safe; 2% risk of failure)
Confirm with . or Enter, or press ? or * to list all spells.
Aiming: Sandblast (safe; 2% risk of failure)
Press: ? - help, Shift-Dir - straight line, f - Ijyb, p - orc wizard
Aim: Ijyb, wielding a +0 dagger, wearing a +0 ring mail and carrying a wand of acid (11) (77% to hit)
The blast of sand hits Ijyb but does no damage.
The orc wizard hits you but does no damage.
Ijyb zaps a wand.
The bolt of acid hits you.
You are splashed with acid!!
Ouch! That really hurt!
* * * LOW HITPOINT WARNING * * *
Casting: Sandblast (safe; 2% risk of failure)
Confirm with . or Enter, or press ? or * to list all spells.
Aiming: Sandblast (safe; 2% risk of failure)
Press: ? - help, Shift-Dir - straight line, f/p - Ijyb
Aim: Ijyb, wielding a +0 dagger, wearing a +0 ring mail and carrying a wand of acid (10) (77% to hit)
The blast of sand hits Ijyb but does no damage.
Unknown command.
Casting: Sandblast (safe; 2% risk of failure)
Confirm with . or Enter, or press ? or * to list all spells.
Aiming: Sandblast (safe; 2% risk of failure)
Press: ? - help, Shift-Dir - straight line, f/p - Ijyb
Aim: Ijyb, wielding a +0 dagger, wearing a +0 ring mail and carrying a wand of acid (10) (77% to hit)
The blast of sand hits Ijyb!
Ijyb is heavily wounded.
The orc wizard points at itself and mumbles some strange words.
The orc wizard flickers and vanishes!
Deactivating autopickup; reactivate with Ctrl-A.
Casting: Sandblast (safe; 2% risk of failure)
Confirm with . or Enter, or press ? or * to list all spells.
Aiming: Sandblast (safe; 2% risk of failure)
Press: ? - help, Shift-Dir - straight line, f/p - Ijyb
Aim: Ijyb, wielding a +0 dagger, wearing a +0 ring mail and carrying a wand of acid (10) (heavily wounded, 77% to hit)
The blast of sand misses Ijyb.
The orc hits you with a +0 whip.
* * * LOW HITPOINT WARNING * * *
Ijyb grins evilly.
Ijyb hits you with a +0 dagger.
You die...

..# .g. ..# ..(....
.#### #.#.......
.)... #.#. ....
#.......#.. ...
#.......#.# .$ #...
#....# .#
#...#####.###.#S#.#.
#.........g@o{o....
##....|..#####.#.##
###............
#.......###
#..†....# #.......#
#.......#
#.####.......####
#.......###......


You could see Ijyb, an adder and 2 orcs.

Vanquished Creatures
  3 adders (D:2)
  A worm (D:2)
  4 dart slugs (D:2)
  5 bats
  10 endoplasms
  A giant cockroach (D:2)
  4 goblins
  3 hobgoblins
  2 kobolds (D:2)
  2 quokkas
  2 ball pythons
  5 frilled lizards
  3 rats
45 creatures vanquished.

Notes
Turn   | Place    | Note
-------+----------+-------------------------------------------
     0 | D:1      | ncenk the Gargoyle Earth Elementalist began the quest for
                  | the Orb.
     0 | D:1      | Reached XP level 1. HP: 10/10 MP: 3/3
    56 | D:1      | Found Danej's Antique Weapon Shop.
   159 | D:1      | Found a faded altar of an unknown god.
   176 | D:1      | Found Rawem's Antique Weapon Shoppe.
   707 | D:1      | Reached XP level 2. HP: 5/15 MP: 1/5
   916 | D:1      | Reached skill level 4 in Earth Magic
   980 | D:1      | Found Suile's Book Shop.
  1492 | D:2      | Reached XP level 3. HP: 15/19 MP: 4/6
  1496 | D:2      | Learned a level 3 spell: Stone Arrow
  1662 | D:2      | Reached skill level 1 in Conjurations
  1852 | D:2      | Reached XP level 4. HP: 24/24 MP: 8/8
  2552 | D:3      | Noticed Ijyb
  2567 | D:3      | Slain by Ijyb

Illustrated notes

Levels and vault maps discovered:
D:1:      amcnicky_arrival_abandoned_market, layout_loops_ring, serial_shops,
          nicolae_shop_statue_plus, nicolae_shop_stone, nicolae_shop_stone,
          hellmonk_ecumenical_altar_pennies_from_heaven
D:2:      layout_basic
D:3:      layout_basic, jmf_multi_god_temple2, serial_shops, nicolae_shop_stone,
          uniq_robin, uniq_ijyb

Skill      XL: |  1  2  3  4 |
---------------+-------------+-----
Earth Magic    | 4 |  4.8
Conjurations   | 1 |  1.5
Spellcasting   | 3 |  3.1
Dodging        | |  1.5
Stealth        | |  2.1
Transmutations | |  0.7

Action                   |  1- 3 |  4- 6 || total
-------------------------+-------+-------++-------
Melee: Mace              |    71 |    55 ||   126
 Cast: Sandblast         |    10 |    11 ||    21
  Use: Scroll            |     2 |     3 ||     5
 Stab: Sleeping          |     1 |     2 ||     3
Armor: Robe              |    21 |    34 ||    55
Dodge: Dodged            |    47 |    47 ||    94

Table legend: (Time is in decaauts)
 A = Elapsed time spent in this place.
 B = Non-inter-level travel time spent in this place.
 C = Inter-level travel time spent in this place.
 D = Time resting spent in this place.
 E = Time spent auto-exploring this place.
 F = Levels seen in this place.
 G = Mean time per level.
                   A        B        C        D        E       F      G
               +--------+--------+--------+--------+--------+-----+--------+
         Total |   2618 |   2566 |     52 |      9 |   2089 |   3 |  872.7 |
       Dungeon |   2618 |   2566 |     52 |      9 |   2089 |   3 |  872.7 |
               +--------+--------+--------+--------+--------+-----+--------+

Top non-repeatable levels by time:
     D:1: 1373 daAuts
     D:2: 1152 daAuts
     D:3: 92 daAuts
